 Dungeon Crawl Stone Soup version 0.29.0-4-gdea44cf6ec (webtiles) character file.

Game seed: 10658004425495418591

102 qw the Chopper (level 4, 0/28 HPs)
             Began as a Gargoyle Berserker on Sept 6, 2022.
             Was a Follower of Trog.
             Killed by nerve-wracking pain
             ... invoked by Grinder
              (3 damage)
             ... on level 3 of the Dungeon.
             The game lasted 00:00:51 (2691 turns).

qw the Chopper (Gargoyle Berserker)                 Turns: 2691, Time: 00:00:51

Health: 0/28       AC: 12    Str: 23    XL:     4   Next: 77%
Magic:  4/4        EV: 11    Int:  7    God:    Trog [*.....]
Gold:   98         SH:  0    Dex:  9    Spells: 3/3 levels left

rFire   . . .      SeeInvis .   Y - +0 hand axe
rCold   . . .      Faith    .   (no shield)
rNeg    + . .      Spirit   .   c - +0 ring mail
rPois   inf        Reflect  .   e - +1 helmet
rElec   +          Harm     .   (no cloak)
rCorr   .          Rampage  .   (no gloves)
Will    .....                   i - +0 pair of boots
Stlth   ..........              (no amulet)
HPRegen 0.09/turn               (no ring)
MPRegen 0.09/turn               (no ring)

@: on berserk cooldown, slowed, very slow
A: sickness immunity, AC +3, negative energy resistance 1, electricity
resistance, torment resistance 1, petrification resistance
a: Renounce Religion, Berserk


You were on level 3 of the Dungeon.
You worshipped Trog.
Trog was aware of your devotion.
You visited 1 branch of the dungeon, and saw 3 of its levels.

You collected 98 gold pieces.


Innate Abilities, Weirdness & Mutations

You are immune to sickness and miasma.
Your stone body is resilient. (AC +3)
You are immune to poison.
You resist negative energy. (rN+)
You are resistant to electric shocks. (rElec)
You are resistant to unholy torment.
You are immune to petrification.


   Skills:
 - Level 3.2 Fighting
 + Level 4.9 Axes
 - Level 2.1 Armour
 - Level 1.5 Dodging


You had 3 spell levels left.
You didn't know any spells.
Your spell library was empty.

Inventory:

Hand Weapons
 b - a +3 vorpal mace
 Y - a +0 hand axe (weapon)
Armour
 c - a +0 ring mail (worn)
 e - a +1 helmet (worn)
 i - a +0 pair of boots (worn)
 k - a +0 tower shield
Scrolls
 d - 2 scrolls of blinking {unknown}
 g - a scroll of enchant armour {unknown}
 h - 3 scrolls of identify
Potions
 a - a potion of curing
 j - a potion of mutation
 l - a potion of resistance

Dungeon Overview and Level Annotations

Branches:
Dungeon (3/15)

Altars:
Okawaru
Ru
Yredelemnul

Annotations:
D:3 Grinder


Message History

Grinder blinks!
You hit Grinder.
Grinder is lightly wounded.
Grinder gestures at you. Pain shoots through your body! Grinder hits you.
You slash Grinder!
Grinder is moderately wounded.
Grinder hits you.
2682 ||| DRINKING potion of heal wounds.
You feel much better.
Grinder blinks!
Grinder blinks!
You start resting.
Grinder is nearby!
Grinder barely misses you.
You closely miss Grinder.
Grinder is moderately wounded.
Grinder hits you but does no damage. Grinder closely misses you.
You closely miss Grinder.
Grinder is moderately wounded.
Grinder gestures at you. Pain shoots through your body!
You completely miss Grinder.
Grinder is moderately wounded.
Grinder hits you!
You writhe in agony.
Grinder gestures at you. Pain shoots through your body!
You closely miss Grinder.
Grinder is moderately wounded.
Grinder gestures at you. Pain shoots through your body!
You closely miss Grinder.
Grinder is moderately wounded.
Grinder gestures at you. Pain shoots through your body!
Grinder closely misses you.
You closely miss Grinder.
Grinder is moderately wounded.
Grinder gestures at you. Pain shoots through your body!
You die...

##..>....?...#.##.###
#.......###..#.##.###
#.......# #..........
#.......# ####..#####
#.......# ##.#
#.###...# #.#
#.#####.# .#
#....5..# .#
##.#@#### .# #.#.# .#
#.#.# #.#?.......
#.######### #.# #.#


You could see Grinder.

Vanquished Creatures
  Terence (D:2)
  Robin (D:2)
  An adder (D:3)
  2 dart slugs (D:1)
  3 ball pythons
  3 bats (D:1)
  4 endoplasms
  A giant cockroach (D:1)
  12 goblins
  A hobgoblin (D:2)
  5 jackals (D:1)
  A kobold (D:1)
  5 quokkas
  2 frilled lizards (D:1)
  5 rats
47 creatures vanquished.

Vanquished Creatures (others)
  2 fungi (D:1)
  6 plants (D:1)
8 creatures vanquished.

Grand Total: 55 creatures vanquished

Notes
Turn   | Place    | Note
-------+----------+-------------------------------------------
     0 | D:1      | qw the Gargoyle Berserker began the quest for the Orb.
     0 | D:1      | Reached XP level 1. HP: 14/14 MP: 1/1
     0 | D:1      | 0 ||| qw: Version: 0.1-a-108-g9e35731
     0 | D:1      | 0 ||| qw: Game counter: 6355
     0 | D:1      | 0 ||| qw: Always use a shield: true
     0 | D:1      | 0 ||| qw: Do Orc after D:15 true
     0 | D:1      | 0 ||| qw: Do second Lair branch before Depths: true
     0 | D:1      | 0 ||| qw: Lair rune preference: random
     0 | D:1      | 0 ||| qw: Plans: Normal
     0 | D:1      | 0 ||| PLANNING D:1-11
    14 | D:1      | 14 ||| Stepping ~*~*~tactically~*~*~ (hiding).
   176 | D:1      | Reached skill level 3 in Axes
   235 | D:1      | Reached XP level 2. HP: 18/19 MP: 2/2
   419 | D:1      | 419 ||| Stepping ~*~*~tactically~*~*~ (hiding).
   521 | D:1      | 521 ||| Stepping ~*~*~tactically~*~*~ (hiding).
   695 | D:1      | 695 ||| DROPPING +0 club.
   804 | D:1      | Reached XP level 3. HP: 19/23 MP: 3/3
  1533 | D:1      | Found a faded altar of an unknown god.
  1602 | D:1      | 1602 ||| UPGRADING to +1 helmet.
  1607 | D:1      | 1607 ||| UPGRADING to +0 leather armour.
  1617 | D:1      | 1617 ||| DROPPING +0 animal skin.
  1618 | D:1      | 1618 ||| UPGRADING to +0 pair of boots.
  1623 | D:1      | 1623 ||| DROPPING scarf of invisibility.
  1624 | D:1      | 1624 ||| READING scroll labelled HEROAM ZAISYITRE.
  1625 | D:1      | 1625 ||| READING 3 scrolls labelled LOIGHO BAMNIG.
  1626 | D:1      | 1626 ||| READING scroll labelled BAKOJA JEIRORPH.
  1627 | D:1      | 1627 ||| READING scroll labelled PAT CEZUFREHO.
  1630 | D:1      | 1630 ||| DRINKING 2 fizzy cyan potions.
  1724 | D:1      | 1724 ||| DRINKING 2 dark potions.
  1725 | D:1      | 1725 ||| DRINKING 2 glowing emerald potions.
  1726 | D:1      | 1726 ||| READING 2 scrolls of identify.
  1726 | D:1      | 1726 ||| IDENTIFYING viscous sapphire potion
  1727 | D:1      | 1727 ||| DROPPING potion of berserk rage.
  1785 | D:2      | Reached skill level 4 in Axes
  1787 | D:2      | 1787 ||| Stepping ~*~*~tactically~*~*~ (stealth).
  1787 | D:2      | Noticed Robin
  1789 | D:2      | 1789 ||| Stepping ~*~*~tactically~*~*~ (hiding).
  1793 | D:2      | 1793 ||| INVOKING Berserk.
  1798 | D:2      | Killed Robin
  1798 | D:2      | Reached ** piety under Trog
  1801 | D:2      | Reached XP level 4. HP: 28/28 MP: 4/4
  2009 | D:2      | 2009 ||| READING scroll labelled RAOFYB PUHA.
  2018 | D:2      | Noticed Terence
  2019 | D:2      | 2019 ||| READING scroll labelled FIBOHO NATWEA.
  2023 | D:2      | 2023 ||| INVOKING Berserk.
  2028 | D:2      | Killed Terence
  2135 | D:2      | 2135 ||| DROPPING +0 mace.
  2351 | D:2      | 2351 ||| UPGRADING to +0 ring mail.
  2361 | D:2      | 2361 ||| DROPPING orb of wrath.
  2362 | D:2      | 2362 ||| DROPPING +0 leather armour.
  2363 | D:2      | 2363 ||| READING scroll labelled WIGHIACEIT.
  2364 | D:2      | 2364 ||| DRINKING 2 cyan potions.
  2365 | D:2      | 2365 ||| READING 4 scrolls of identify.
  2365 | D:2      | 2365 ||| IDENTIFYING coppery potion
  2366 | D:2      | 2366 ||| DROPPING potion of invisibility.
  2502 | D:3      | Found a basalt altar of Yredelemnul.
  2513 | D:3      | Found an iron altar of Okawaru.
  2513 | D:3      | Found a sacrificial altar of Ru.
  2633 | D:3      | 2633 ||| Stepping ~*~*~tactically~*~*~ (stealth).
  2665 | D:3      | Noticed Grinder
  2666 | D:3      | 2666 ||| Stepping ~*~*~tactically~*~*~ (hiding).
  2670 | D:3      | 2670 ||| INVOKING Berserk.
  2681 | D:3      | HP: 5/28 [Grinder (5)]
  2682 | D:3      | 2682 ||| DRINKING potion of heal wounds.
  2690 | D:3      | HP: 3/28 [Grinder/nerve-wracking pain (5)]
  2691 | D:3      | Killed from afar by Grinder

Levels and vault maps discovered:
D:1:      ebering_hopf_link, layout_loops_ring, shapermc_ecumenical_altar_petra,
          minmay_liquid_box, chequers_mini_garden, minmay_domino_4
D:2:      layout_rooms, serial_glass, glass_columns_c, glass_columns_a,
          glass_columns_a, glass_columns_c, glass_columns_a, glass_columns_b,
          glass_columns_c, glass_columns_b, uniq_robin, uniq_terence
D:3:      layout_loops_ring, mainiacjoe_overflow_alcove_3, uniq_grinder

Skill      XL: |  1  2  3 |
---------------+----------+-----
Axes           | 3 4 |  4.9
Fighting       | |  3.2
Armour         | |  2.1
Dodging        | |  1.5

Action                   |  1- 3 |  4- 6 || total
-------------------------+-------+-------++-------
Melee: Hand axe          |   108 |    39 ||   147
       Punch             |       |     1 ||     1
Invok: Berserk           |     1 |     2 ||     3
  Use: Scroll            |     5 |     4 ||     9
       Potion            |     3 |     2 ||     5
Armor: Animal skin       |    32 |       ||    32
       Leather armour    |     2 |     3 ||     5
       Ring mail         |       |    10 ||    10
Dodge: Dodged            |    63 |    15 ||    78

Table legend:
 A = Non-vault XP
 B = Vault XP
 C = Vault XP percentage of total XP
 D = Non-vault monster count
 E = Vault monster count
 F = Vault count percentage of total count
                 A         B        C        D         E       F
            +---------+---------+-------+---------+---------+-------
      Total |      71 |      75 |  51.4 |      31 |      16 |  34.0
            +---------+---------+-------+---------+---------+-------
        D:1 |      46 |       5 |   9.8 |      23 |       4 |  14.8
        D:2 |       5 |      70 |  93.3 |       3 |      12 |  80.0
        D:3 |      20 |       0 |   0.0 |       5 |       0 |   0.0
            +---------+---------+-------+---------+---------+-------
